Cogmind - Beta 11 X10 *** ADVENTURER MODE // 2022.02.04 @ 17:13:22 Player: IzRey Result: Destroyed by as-83606 with Assembled Heavy Rifle Performance ------------- Evolutions (0) 0 Regions Visited (4) 800 Robots Destroyed (25) 125 Value Destroyed (572) 572 Prototype IDs (23) 460 Alien Tech Used (0) 0 Bonus (424) 424 TOTAL SCORE: 2381 Bonus ------- Follower Combat Kills 124 Aligned with FarCom 300 Cogmind --------- Core Integrity 0/250 Matter 300/300 Energy 100/100 System Corruption 0% Temperature Cool (0) Movement Core (750) Ox14 Location -9/Mines Parts ------- > --- POWER (1) -------- (None) > --- PROPULSION (2) --- (None) > --- UTILITY (2) ------ High-capacity Storage Unit > --- WEAPON (2) ------- Power Maul > --- INVENTORY (20) --- Ion Engine Light Ion Engine Wheel Large Battery (200) High-capacity Matter Pod (200) Signal Interpreter Terrain Scan Processor Kinecellerator Beamcaster Plasma Cannon Autogun Grenade Launcher Rocket Launcher Mining Laser Signal Generator Deploy-a-Sentry Deploy-a-Sentry Deploy-a-Sentry Peak State ------------ > --- POWER ------------ Light Nuclear Core > --- PROPULSION ------- Wheel Wheel > --- UTILITY ---------- High-capacity Storage Unit Tractor Beam > --- WEAPON ----------- Rocket Launcher Power Maul > --- INVENTORY -------- Ion Engine Light Ion Engine Wheel Wheel Large Battery High-capacity Matter Pod Signal Interpreter Terrain Scan Processor Kinecellerator Beamcaster Plasma Cannon Autogun Autogun Grenade Launcher Mining Laser Signal Generator Deploy-a-Sentry Deploy-a-Sentry Deploy-a-Sentry [Rating: 18] Favorites ----------- Power Light Nuclear Core Engine Light Ion Engine Power Core Light Nuclear Core Propulsion Wheel Wheel Wheel Utility High-capacity Storage Unit Device Tractor Beam Storage High-capacity Storage Unit Weapon Rocket Launcher Ballistic Gun Autogun Launcher Rocket Launcher Impact Weapon Heavy Hammer Build | -11 -10 -10 -10 -9 ------- Run | Scr Mat Min Exi Min Slots Evolved . | . . . . . Power . | . . . . . Propulsion . | . . . . . Utility . | . . . . . Weapon . | . . . . . Parts Attached 22 | 6 7 6 . 3 Power 2 | 1 . 1 . . Engine 1 | 1 . . . . Core 1 | . . 1 . . Reactor . | . . . . . Propulsion 3 | 2 . . . 1 Treads . | . . . . . Leg . | . . . . . Wheel 3 | 2 . . . 1 Hover . | . . . . . Flight . | . . . . . Utility 5 | 1 4 . . . Device 3 | . 3 . . . Storage 2 | 1 1 . . . Processor . | . . . . . Hackware . | . . . . . Protection . | . . . . . Artifact . | . . . . . Weapon 12 | 2 3 5 . 2 Energy Gun . | . . . . . Energy Cannon . | . . . . . Ballistic Gun 7 | 2 2 2 . 1 Ballistic Cannon . | . . . . . Launcher 1 | . . 1 . . Special Weapon . | . . . . . Impact Weapon 4 | . 1 2 . 1 Slashing Weapon . | . . . . . Piercing Weapon . | . . . . . Special Melee Weapon . | . . . . . Unidentified Prototypes . | . . . . . Parts Lost 7 | . 1 . . 6 Power 1 | . . . . 1 Propulsion 3 | . . . . 3 Utility 2 | . 1 . . 1 Weapon 1 | . . . . 1 Highest Loss Streak 6 | . 1 . . 6 To Critical Strikes . | . . . . . Average Slot Usage (%) 98 | . 97 100 100 96 Engine 3 | . 14 1 . . Core 9 | . . 12 14 13 Wheel 27 | . 28 28 28 26 Device 13 | . 12 14 14 13 Storage 14 | . 14 14 14 14 Ballistic Gun 7 | . 19 7 . . Launcher 9 | . . 12 14 12 Impact Weapon 10 | . 8 7 14 14 Naked Turns . | . . . . . Heaviest Build 53 | 12 50 53 53 53 Greatest Support 20 | 20 20 20 20 20 Greatest Overweight (x) 14 | . 2 2 2 14 Average Overweight (x) 1 | . 1 2 2 2 Largest Inventory Capacity 20 | 8 20 20 20 20 Average Capacity 19 | 7 19 20 20 20 Most Carried 20 | 4 9 13 17 20 Average Carried 12 | 2 7 12 14 18 Final Capacity 20 | 8 20 20 20 20 Final Carried 18 | 4 9 13 17 18 Class Distribution -------------------- 100% | Mutant Dominant Class ---------------- Mutant | -10/Materials Mutant | -10/Mines Mutant | -10/Exiles Mutant | -9/Mines Resources | -11 -10 -10 -10 -9 ----------- Run | Scr Mat Min Exi Min Matter Collected 869 | 272 251 236 . 110 Remotely 597 | . 251 236 . 110 Salvage Created 595 | 94 247 173 . 81 Parts 40 | 7 11 9 . 13 Haulers Intercepted . | . . . . . Recyclers Shooed . | . . . . . Parts Field Recycled . | . . . . . Retrieved Matter . | . . . . . Parts Self-Destructed . | . . . . . Prevented . | . . . . . Kills | -11 -10 -10 -10 -9 ------- Run | Scr Mat Min Exi Min Combat Hostiles Destroyed 20 | . 8 5 . 7 Melee 2 | . 2 . . . Guns 5 | . 4 1 . . AOE 10 | . . 3 . 7 Classes Destroyed 7 | 2 2 1 . 2 Worker 1 | . . . . 1 Builder 1 | . . . . 1 Tunneler 1 | 1 . . . . Recycler 1 | 1 . . . . Mechanic 1 | . . 1 . . Swarmer 8 | . 3 1 . 4 Grunt 12 | . 5 4 . 3 Best Kill Streak 9 | 2 5 4 . 9 Combat Bots Only 7 | . 5 3 . 7 Max Kills in Single Turn 3 | 1 1 2 . 3 Gunslinging . | . . . . . Exploded 3 | . . 2 . 3 Melee 1 | . 1 . . . Uniques/NPCs Destroyed . | . . . . . Combat | -11 -10 -10 -10 -9 -------- Run | Scr Mat Min Exi Min Damage Taken 878 | . 156 70 . 652 Core 251 | . 8 6 . 237 Absorbed by Shields . | . . . . . Core Remaining (%) 100 | 100 . . . . Volleys Fired 45 | 2 23 11 . 9 Largest 2 | 2 2 2 . 1 Hottest 56 | 40 40 56 . 33 Shots Fired 51 | 4 25 13 . 9 Gun 42 | 4 25 11 . 2 Cannon . | . . . . . Launcher 9 | . . 2 . 7 Special . | . . . . . Kinetic 42 | 4 25 11 . 2 Thermal . | . . . . . Explosive 9 | . . 2 . 7 Electromagnetic . | . . . . . Robot Hit Streak 22 | 3 22 3 . 8 Robot Miss Streak 2 | . 1 2 . 2 Penetration Max . | . . . . . Secondary Targets . | . . . . . Shots Hit Robots 53 | 3 32 9 . 9 Core Hits 24 | 2 7 5 . 10 Critical Kills 1 | . 1 . . . Critical Parts Destroyed 3 | . 1 1 . 1 Critical Strikes 4 | . 2 1 . 1 Smash 4 | . 2 1 . 1 Melee Attacks 21 | . 13 5 . 3 Impact 21 | . 13 5 . 3 Slashing . | . . . . . Piercing . | . . . . . Sneak Attacks . | . . . . . Combat Hostiles . | . . . . . Follow-up Attacks . | . . . . . Damage Inflicted 2380 | 39 819 510 . 1012 Guns 503 | 39 355 95 . 14 Cannons . | . . . . . Explosions 1229 | . . 363 . 866 Melee 648 | . 464 52 . 132 Ramming . | . . . . . Kinetic 503 | 39 355 95 . 14 Thermal . | . . . . . Explosive 1229 | . . 363 . 866 Electromagnetic . | . . . . . Impact 648 | . 464 52 . 132 Slashing . | . . . . . Piercing . | . . . . . Highest Corruption . | . . . . . Average Corruption . | . . . . . Corruption Purged . | . . . . . Corruption Blocked . | . . . . . Overload Shots . | . . . . . Overflow Damage 227 | . 90 83 . 54 Projectiles . | . . . . . Explosions 46 | . . 31 . 15 Melee 181 | . 90 52 . 39 Knockbacks 5 | . 4 . . 1 Impact 5 | . 4 . . 1 Kinetic . | . . . . . Secondary . | . . . . . Self-Inflicted Damage . | . . . . . Shots . | . . . . . Rammed . | . . . . . Targets Rammed . | . . . . . Kicked . | . . . . . Crushed . | . . . . . Highest Temperature 22 | . 12 22 . 6 Average Temperature 5 | . 4 7 . 3 Received Heat Transfer 215 | . 90 24 . 101 Siege Activations . | . . . . . Robots Corrupted . | . . . . . Combat Hostiles . | . . . . . Parts Fried 5 | . 3 2 . . Impact Corruptions 7 | . 4 1 . 2 Robots Melted . | . . . . . Combat Hostiles . | . . . . . Parts Melted . | . . . . . Heat Transferred . | . . . . . Parts Sabotaged . | . . . . . Parts Stolen . | . . . . . Parts Stripped . | . . . . . Power Chain Reactions . | . . . . . Missiles Intercepted . | . . . . . Alert | -11 -10 -10 -10 -9 ------- Run | Scr Mat Min Exi Min Peak Influence 280 | 10 280 256 . 179 Initial 38 | . 5 38 . . Average 100 | 2 80 132 . 89 Maximum Alert Level 1 | . 1 1 . . Low Security (%) 89 | 100 90 80 . 100 Level 1 10 | . 9 19 . . Level 2 . | . . . . . Level 3 . | . . . . . Level 4 . | . . . . . Level 5 . | . . . . . High Security . | . . . . . Max Security . | . . . . . Squads Dispatched 2 | . . 1 . 1 Investigation 1 | . . . . 1 Extermination . | . . . . . Reinforcement . | . . . . . Assault 1 | . . 1 . . Garrison . | . . . . . Intercept . | . . . . . Construction Impeded . | . . . . . Haulers Reinforced . | . . . . . Active Scanning Responses . | . . . . . Cargo Convoy Interrupts . | . . . . . Stealth | -11 -10 -10 -10 -9 --------- Run | Scr Mat Min Exi Min Distress Signals 1 | . 1 . . . Communications Jammed . | . . . . . Distress Signals . | . . . . . Times Spotted 50 | . 18 11 . 21 Peak Tracking Total 9 | . 9 4 . 9 Tactical Retreats 2 | . 1 . . 1 Traps | -11 -10 -10 -10 -9 ------- Run | Scr Mat Min Exi Min Traps Triggered 1 | . 1 . . . Indirectly . | . . . . . Trap Hack Attempts . | . . . . . Triggered . | . . . . . Disarmed . | . . . . . Reprogrammed . | . . . . . Reused . | . . . . . Traps Extracted . | . . . . . Installed . | . . . . . Triggered . | . . . . . Machines | -11 -10 -10 -10 -9 ---------- Run | Scr Mat Min Exi Min Machines Disabled . | . . . . . Max in Single Turn . | . . . . . Machines Sabotaged . | . . . . . Garrisons Compromised . | . . . . . Overloaded Fab Kills . | . . . . . Hacking | -11 -10 -10 -10 -9 --------- Run | Scr Mat Min Exi Min Machines Accessed 15 | . 9 . 5 1 Terminals 8 | . 8 . . . Fabricators . | . . . . . Repair Stations . | . . . . . Recycling Units 1 | . 1 . . . Scanalyzers . | . . . . . Garrison Access . | . . . . . Total Hacks 74 | . 23 . 50 1 Successful 65 | . 14 . 50 1 Failed 9 | . 9 . . . Catastrophic 1 | . 1 . . . Database Lockouts . | . . . . . Manual 21 | . 20 . 1 . Terminals 22 | . 22 . . . Fabricators . | . . . . . Repair Stations . | . . . . . Recycling Units 1 | . 1 . . . Scanalyzers . | . . . . . Garrison Access . | . . . . . Terminal Hacks 53 | . 2 . 50 1 Record 49 | . . . 49 . Open Door 1 | . . . . 1 Branch Access Points 1 | . 1 . . . Hauler Manifests 1 | . 1 . . . EX-Prototype ID Bank 1 | . . . 1 . Fabricator Hacks . | . . . . . Repair Station Hacks . | . . . . . Recycling Unit Hacks 1 | . 1 . . . Report Inventory 1 | . 1 . . . Scanalyzer . | . . . . . Garrison Access Hacks . | . . . . . Unauthorized Hacks 11 | . 11 . . . Terminals 11 | . 11 . . . Track 1 | . 1 . . . Botnet 7 | . 7 . . . Disrupt 3 | . 3 . . . Fabricators . | . . . . . Repair Stations . | . . . . . Recycling Units . | . . . . . Scanalyzers . | . . . . . Garrison Access . | . . . . . Data Cores Recovered . | . . . . . Used . | . . . . . Hacking Detections 4 | . 4 . . . Full Trace Events . | . . . . . Feedback Events . | . . . . . Feedback Blocked . | . . . . . Robot Schematics Acquired . | . . . . . Robots Built . | . . . . . Authchips . | . . . . . Time . | . . . . . Total Robot Build Rating . | . . . . . Part Schematics Acquired . | . . . . . Parts Built . | . . . . . Authchips . | . . . . . Time . | . . . . . Total Part Build Rating . | . . . . . Parts Repaired . | . . . . . Time . | . . . . . Parts Recycled . | . . . . . Recycled Matter . | . . . . . Retrieved Matter . | . . . . . Retrieved Components . | . . . . . Parts Scanalyzed . | . . . . . Part Schematics Acquired . | . . . . . Parts Damaged . | . . . . . Bothacking | -11 -10 -10 -10 -9 ------------ Run | Scr Mat Min Exi Min Used RIF Installer . | . . . . . Robots Hacked . | . . . . . Non-combat . | . . . . . Combat . | . . . . . Robot Hacks Applied . | . . . . . Relay Couplers Released . | . . . . . Fabnet Peak Effective % . | . . . . . Robots Rewired . | . . . . . Allies Hacked . | . . . . . Hacks Repelled . | . . . . . Allies | -11 -10 -10 -10 -9 -------- Run | Scr Mat Min Exi Min Total Allies 3 | . . 1 . 2 Largest Group 2 | . . 1 . 2 Highest-Rated Group 41 | . . 31 . 41 Highest-Rated Ally 31 | . . 31 . 31 Total Orders . | . . . . . Ally Attacks 31 | . . 16 . 15 Total Damage 525 | . . 316 . 209 Kills 8 | . . 6 . 2 Allies Corrupted . | . . . . . Allies Melted . | . . . . . Intel | -11 -10 -10 -10 -9 ------- Run | Scr Mat Min Exi Min Robot Analysis Total . | . . . . . Derelict Logs Recovered 3 | . . 3 . . Drone Launches . | . . . . . Drone Recoveries . | . . . . . Exploration | -11 -10 -10 -10 -9 ------------- Run | Scr Mat Min Exi Min Turns Passed 2439 | 78 563 725 623 450 Spaces Moved 1965 | 72 422 574 563 334 Core 6 | 4 . . . 2 Treads . | . . . . . Legs . | . . . . . Wheels 1959 | 68 422 574 563 332 Hover . | . . . . . Flight . | . . . . . Fastest Speed 50 | 50 80 110 110 110 Average Speed 109 | 78 106 110 110 114 Slowest Speed 750 | 80 110 110 110 750 Overloaded Moves . | . . . . . Propulsion Burnouts . | . . . . . Robots Hopped . | . . . . . Cave-ins Triggered . | . . . . . Exploration Rate (%) 69 | 4 84 98 94 67 Regions Visited 4 Branch Regions 3 Pre-discovered Areas 1 | . . . 1 . Known Exits Taken 3 | . 1 1 1 . Unknown Exits Taken 1 | 1 . . . . Scrap Searched 1 | . . 1 . . Spaces Dug 7 | . 4 3 . . Terrain Destroyed 78 | . 4 22 . 52 Melee 7 | . 4 3 . . Projectile . | . . . . . AOE 71 | . . 19 . 52 Terrain Rammed . | . . . . . Walls Destroyed . | . . . . . Machines Disabled . | . . . . . Actions | -11 -10 -10 -10 -9 --------- Run | Scr Mat Min Exi Min Total 2178 | 87 490 646 566 389 Wait 96 | . 15 45 . 36 Move 1961 | 71 421 573 562 334 Hop . | . . . . . Pick Up 22 | 6 5 4 4 3 Fast Attach 11 | 6 4 1 . . Attach 3 | . 1 . . 2 Detach 4 | . 3 1 . . Swap 8 | . 2 5 . 1 Drop 7 | 2 3 1 . 1 Fire 45 | 2 23 11 . 9 Melee 21 | . 13 5 . 3 Ram . | . . . . . Kick . | . . . . . Crush . | . . . . . Escape Stasis . | . . . . . Rewire . | . . . . . Trap . | . . . . . Miscellaneous . | . . . . . Route ------- -11/Scrapyard -10/Materials (discovered 3 exits: [*Mat x2] / *Min) -10/Mines (discovered 3 exits: [*Mat x2] / *Exi) -10/Exiles (discovered 2 exits: *Min x2) -9/Mines (discovered 1 exit: [*Mat]) History --------- Turn | Location | Event 13 | -11/Scrapyard | Discovered new exit (range 15) 79 | -11/Scrapyard | Entered Materials 103 | -10/Materials | Discovered new exit (range 16) 261 | -10/Materials | Discovered new exit (range 8) 322 | -10/Materials | Build established: Mutant 357 | -10/Materials | Identified exit to Mines 483 | -10/Materials | Discovered new exit (range 16) 642 | -10/Materials | Entered Mines 649 | -10/Mines | Received a Rocket Launcher from a helpful Derelict 671 | -10/Mines | Discovered new exit (range 9) 672 | -10/Mines | Met a Derelict testing a Signal Generator 686 | -10/Mines | Found Signal Generator 752 | -10/Mines | Discovered new exit (range 9) 892 | -10/Mines | Identified exit to Exiles 1195 | -10/Mines | Learned Materials terminal intel 1360 | -10/Mines | Deemed a non-threat by the Exiles lab entrance 1367 | -10/Mines | Entered Exiles 1368 | -10/Exiles | Identified exit to Mines 1422 | -10/Exiles | Met 8R-AWN 1442 | -10/Exiles | Met EX-HEX 1503 | -10/Exiles | Met EX-DEC 1519 | -10/Exiles | Visited The Gauntlet 1767 | -10/Exiles | Learned location of Zion (-6) 1791 | -10/Exiles | Met EX-BIN 1806 | -10/Exiles | Aligned with FarCom system 1807 | -10/Exiles | Given EX-Vault access code 1865 | -10/Exiles | Opened EX-Vault 1879 | -10/Exiles | Found Deploy-a-Sentry 1881 | -10/Exiles | Found Deploy-a-Sentry 1883 | -10/Exiles | Found Deploy-a-Sentry 1904 | -10/Exiles | Warned to stay clear of 0b10 Research branches 1990 | -10/Exiles | Left Exiles lab with Deploy-a-Sentry 1990 | -10/Exiles | Entered Mines 2003 | -9/Mines | Discovered new exit (range 5) 2077 | -9/Mines | Met a Derelict shopkeep closing up shop 2189 | -9/Mines | Destroyed 7 combat bots 2363 | -9/Mines | Assembled infested the area 2368 | -9/Mines | Assisted by a Guerilla fighting off Assembled 2433 | -9/Mines | Core integrity fell below 50% 2437 | -9/Mines | Core integrity fell below 20% 2440 | -9/Mines | Destroyed by as-83606 with Assembled Heavy Rifle Last Messages --------------- 02399_ as-90696 suffers critical hit (Smash). 02399_ Destroyed Asb. Maul. 02399_ as-90696 system corrupted by crushing effect. 02403_ Acquired 10 matter. 02405_ as-76498 destroyed. 02409_ Acquired 7 matter. 02410_ Wheel destroyed. 02413_ Acquired 2 matter. 02416_ Q0-1AF(g) destroyed. 02417_ Acquired 4 matter. 02418_ as-31403 knocked back. 02423_ K-01 Serf collects debris. 02424_ Tractor Beam destroyed. 02426_ K-01 Serf collects debris. 02428_ Wheel destroyed. 02428_ Autogun destroyed. 02428_ Lgt. Nuclear Core destroyed. 02430_ K-01 Serf collects debris. 02433_ as-99129 destroyed. 02434_ K-01 Serf collects debris. Map ----- +----------------------------------------------------+ | ???????????????????????????????????? | | ???????????????????????????????????? | | ???????????????????????????????????? | | ???????????????????????????????????? | | ???????????????????????????????????? | | ???????????????????????????????????? | | ???????????????????????????????????? | | ???????????????????????????????????? | | ???????????????????????????????????? | | ????????????????????????####???????? | | ???????????????????????## ##??????? | | ??????????##???????????# ##?????? | | ?????????# ???????????# ###???? | | ???????### ???????????# ##??? | | ??????## ??????????## #??? | | ??????# ??????##### #??? | | ??????# ??????# #### | | ?????## a#?????# d ## | | ????## !% ?????# #### | | ????# ?????# d#??# ## | | ????# a ????## #??## #? | | ????# a= ????# #???#### ##? | | ????# $ *a#????# ##??????####?? | | ????# =##???# #????????????? | | ????# aa ###### #????????????? | | ???## @%a #### #????????????? | | ???# % #?# #????????????? | | ??# =### #????????????? | | ??# %aa= = #????????????? | | ??## ] [k!#????????????? | | ???# ### ####????????????? | | ?? # ##?# #???????????????? | | ?## #####??# ???????????????? | | ??### # ##???????####??????????????? | | ????####???????????????????????????? | | ???????????????????????????????????? | | ???????????????????????????????????? | | ???????????????????????????????????? | | ???????????????????????????????????? | | ???????????????????????????????????? | | ???????????????????????????????????? | | ???????????????????????????????????? | | ???????????????????????????????????? | | ???????????????????????????????????? | | ???????????????????????????????????? | | ???????????????????????????????????? | | ???????????????????????????????????? | | ???????????????????????????????????? | | ???????????????????????????????????? | | ???????????????????????????????????? | +----------------------------------------------------+ Best States ------------- Heat Dissipation 25 Energy Generation 14 Energy Capacity 160 Matter Stores 300 Matter Capacity 300 Sight Range 16 Terrain Scan Density 10 Resistance: KI 20 Resistance: TH 20 Resistance: EX 20 Resistance: EM 20 Resistance: I 20 Resistance: S 20 Resistance: P 20 Evasion (%) 44 Offensive Hacking 10 Item Schematics ----------------- None Robot Schematics ------------------ None Fabricated ------------ Nothing Alien Tech Used ----------------- None Achievements -------------- Quantum Hacking root@ Challenges ------------ None Game ------ Seed SmartbombMassLog Manual? 0 Play Time 00:53:11 Cumulative 249.3 hours Start 2022.02.04 @ 16:09:38 End 2022.02.04 @ 17:13:22 Sessions 1 Manual Loads 0 Difficulty Adventurer Special Mode None Game No. 11 Rogue 0 Adventurer 11 Explorer 0 Win Type - Total 0 Types 0/0/0/0/0/0/0/0/0 Lore% 20 Gallery% 40 Achievement% 33 Wizard Run 0 Options --------- ASCII 0 Keyboard 1 Movement Vi Keybinds 0 Fullscreen 1 Font 20/SmallcapsGlow Map View 66x50 Tactical HUD 1 Map Filters NONE Filters NONE Steam 1 RUN: a47ab542-8cca-427e-9abe-3d2158eef9bf